 Dungeon Crawl Stone Soup version 0.17-a0-2109-g117576f (webtiles) character file.

1264 brucemayne the Cleaver (level 8, -2/87 HPs)
             Began as a Demonspawn Berserker on Oct 19, 2015.
             Was a Believer of Trog.
             Slain by a yak (10 damage)
             ... on level 10 of the Dungeon.
             The game lasted 00:09:39 (1722 turns).

brucemayne the Cleaver (Demonspawn Berserker)       Turns: 1722, Time: 00:09:39

Health: -2/87      AC: 12    Str: 24    XL:     8   Next: 27%
Magic:  0/8        EV:  9    Int:  8    God:    Trog [**....]
Gold:   102        SH:  0    Dex: 16    Spells: 0 memorised, 7 levels left

rFire  . . .     SeeInvis .     a - +0 hand axe
rCold  . . .     Clarity  .     y - +0 chain mail
rNeg   + . .     SustAt   .     (no shield)
rPois  .         Gourm    .     k - +0 helmet
rElec  .         Spirit   +     o - +2 cloak
rCorr  .         Warding  .     (no gloves)
rMut   .         Stasis   .     (no boots)
MR     ++...                    (no amulet)
Stlth  ..........               i - ring of positive energy
                                (no ring)

@: berserking (expiring), regenerating, very quick, very resistant to hostile
enchantments, extremely unstealthy
A: talons 1, thin skeletal structure 1, magic shield, magic regeneration
a: Berserk, Trog's Hand, Burn Spellbooks, Renounce Religion


You were on level 10 of the Dungeon.
You worshipped Trog.
Trog was pleased with you.
You were hungry.

You visited 2 branches of the dungeon, and saw 11 of its levels.

You collected 102 gold pieces.

Inventory:

Hand Weapons
 a - a +0 hand axe (weapon)
Armour
 b - a +0 animal skin
 f - a +0 shield
 g - a +0 ring mail
 k - a +0 helmet (worn)
 o - a +2 cloak (worn)
 y - a +0 chain mail (worn)
Jewellery
 e - a +2 ring of intelligence
 i - a ring of positive energy (right hand)
Wands
 t - a wand of disintegration (3)
Scrolls
 h - a scroll of noise {unknown}
 j - 2 scrolls of magic mapping {unknown}
 l - a scroll of fog {unknown}
 r - a scroll of random uselessness {unknown}
 s - 2 scrolls of teleportation {unknown}
 w - a scroll of remove curse {unknown}
Potions
 d - a potion of resistance {unknown}
 m - 2 potions of heal wounds {unknown}
 n - 2 potions of invisibility {unknown}
 q - 3 potions of curing
 u - a potion of cancellation {unknown}
Comestibles
 c - 3 bread rations
 p - 2 beef jerkies
 v - a slice of pizza
 x - 3 fruits


   Skills:
 - Level 3.0 Fighting
 + Level 9.6 Axes
 - Level 1.7 Armour
 - Level 1.7 Dodging


You had 7 spell levels left.
You didn't know any spells.

Dungeon Overview and Level Annotations

Branches:
Dungeon (10/15)            Temple (1/1) D:7            Lair (0/8) D:10
    Orc: D:9-12

Altars:
Ashenzari
Cheibriados
Fedhas
Nemelex Xobeh
Okawaru
Qazlal
Ru
Sif Muna
Trog
Vehumet
Xom
Zin
The Shining One


Innate Abilities, Weirdness & Mutations

You have sharp toenails.
You have a somewhat thin skeletal structure (Dex +2, Stealth).
When hurt, damage is shared between your health and your magic reserves.
You regenerate magic rapidly.


Message History

* * * LOW HITPOINT WARNING * * *
You hit the yak but do no damage. Your kick misses the yak.
The yak is lightly wounded.
The yak gores you.
* * * LOW HITPOINT WARNING * * *
You slash the yak!
The yak is moderately wounded.
You slash the yak!
The yak is heavily wounded.
The yak gores you.
* * * LOW HITPOINT WARNING * * *
You slash the yak! Your kick misses the yak.
The yak is almost dead.
The yak gores you but does no damage.
You hit the yak.
The yak is almost dead.
You closely miss the yak.
The yak is almost dead.
The yak gores you!
You die...

...#############...###
......................
......................
......................
................####'#
................#.....
.............#########
....########..........
....#@Y....#########..
... ##†...........+...
.. #.......#####....
#..[......>..####
#...............#
#####...........#
#...........#
#...........#
#.<.........+


You could see a yak.

Vanquished Creatures
  A komodo dragon (D:10)
  2 yaks (D:10)
  An orc warrior (D:7)
  2 ogres (D:4)
  A centaur (D:6)
  A giant frog (D:6)
  A killer bee (D:10)
  A giant frog skeleton (D:7)
  A centaur zombie (D:5)
  3 orc wizards
  A hound zombie (D:6)
  4 adders
  A shadow imp (D:8)
  An ooze (D:3)
  A giant gecko (D:3)
  17 orcs
  A ball python (D:3)
  A bat (D:3)
  A hobgoblin (D:1)
  5 jackals
  2 quokkas
  4 giant cockroaches
  A giant gecko zombie (D:7)
  2 giant newts
  4 goblins
  4 kobolds
  7 rats
  A plant (D:10)
72 creatures vanquished.

Vanquished Creatures (others)
  A plant (D:10)
1 creature vanquished.

Grand Total: 73 creatures vanquished

Notes
Turn   | Place    | Note
--------------------------------------------------------------
     0 | D:1      | brucemayne the Demonspawn Berserker began the quest for the Orb.
     0 | D:1      | Reached XP level 1. HP: 18/18 MP: 1/1
     6 | D:1      | Noticed a crocodile
     6 | D:1      | Noticed a polar bear
     6 | D:1      | Noticed a redback
     6 | D:1      | Noticed an anaconda
     6 | D:1      | Noticed a wolf
   221 | D:1      | Gained mutation: You have a somewhat thin skeletal structure (Dex +2, Stealth). [demonic ancestry]
   221 | D:1      | Reached XP level 2. HP: 18/24 MP: 2/2
   328 | D:2      | Found a bloodstained altar of Trog.
   538 | D:3      | Reached ** piety under Trog
   583 | D:3      | Gained mutation: When hurt, damage is shared between your health and your magic reserves. [demonic ancestry]
   583 | D:3      | Reached XP level 3. HP: 29/29 MP: 3/3
   602 | D:3      | Reached skill level 4 in Axes
   777 | D:3      | Found a sparkling altar of Nemelex Xobeh.
   783 | D:3      | Gained mutation: You have sharp toenails. [demonic ancestry]
   783 | D:3      | Reached XP level 4. HP: 27/35 MP: 2/4
   939 | D:4      | Noticed an ogre
   946 | D:4      | Killed an ogre
   946 | D:4      | Reached skill level 5 in Axes
   946 | D:4      | Reached XP level 5. HP: 41/41 MP: 3/5
   973 | D:4      | Noticed an ogre
   997 | D:4      | Killed an ogre
   997 | D:4      | Reached skill level 6 in Axes
  1027 | D:5      | Entered Level 5 of the Dungeon
  1057 | D:5      | Reached XP level 6. HP: 36/47 MP: 6/6
  1265 | D:6      | Reached skill level 7 in Axes
  1323 | D:7      | Found a staircase to the Ecumenical Temple.
  1358 | Temple   | Entered the Ecumenical Temple
  1483 | D:7      | Reached XP level 7. HP: 51/52 MP: 4/7
  1484 | D:7      | Reached *** piety under Trog
  1549 | D:9      | Reached skill level 8 in Axes
  1590 | D:10     | Entered Level 10 of the Dungeon
  1622 | D:10     | Found a staircase to the Lair.
  1623 | D:10     | Noticed a komodo dragon
  1636 | D:10     | Killed a komodo dragon
  1693 | D:10     | Noticed a yak
  1693 | D:10     | Noticed a yak
  1694 | D:10     | Noticed a yak
  1712 | D:10     | Killed a yak
  1712 | D:10     | Reached skill level 9 in Axes
  1712 | D:10     | Gained mutation: You regenerate magic rapidly. [demonic ancestry]
  1712 | D:10     | Reached XP level 8. HP: 21/58 MP: 1/8
  1715 | D:10     | Killed a yak
  1722 | D:10     | Slain by a yak

Vault maps used:
D:1:      onia_arrival_zoo_common, dk_noncrumbling_3
D:2:      trog_book
D:3:      first_bread, nemelex_dance_club_becter
D:4:      kennysheep_mini_moat, serial_shops, shop, minmay_cupped
D:5:      lemuel_doored_altar, grunt_gozag_statues, uniq_grinder,
          uniq_prince_ribbit1, uniq_blork_the_orc
D:6:      minmay_misc_feat_room, grunt_dithmenos_smoke_and_mirrors
D:7:      minmay_temple_entry_glass, uniq_joseph
D:8:      lemuel_crystal_altar, grunt_pizzeria, hangedman_decor_clover_reticule
D:9:      old_standard_altar
D:10:     david_lair_shrubbed, orc_0_dummy, serial_co_window_serial,
          co_window_paths_a, co_window_of_opportunity_a, co_window_paths_a,
          co_window_paths_a, co_window_paths_a, co_window_paths_a,
          co_window_cross_3, co_window_broadway_c, co_window_unsneaky_path_a,
          co_window_4corner_a, glass_columns_c, glass_columns_a
Temple:   circular_temple_12

Action                   |  1- 3 |  4- 6 |  7- 9 || total
-------------------------+-------+-------+-------++-------
Melee: Hand axe          |   113 |    85 |    52 ||   250
Invok: Berserk           |     3 |     3 |     2 ||     8
       Trog's Hand       |     2 |     1 |     3 ||     6
  Use: Potion            |       |       |     1 ||     1
  Eat: Chunk             |     3 |       |     2 ||     5
       Bread ration      |       |     1 |       ||     1
       Fruit             |       |       |     1 ||     1
